 Dungeon Crawl Stone Soup version 0.17-a0-1248-g117de50 (webtiles) character file.

9997 RobertPalmer the Severer (level 11, -1/86 HPs)
             Began as a Deep Dwarf Gladiator on June 5, 2015.
             Was a High Priest of Makhleb.
             Slain by a troll (12 damage)
             ... on level 11 of the Dungeon.
             The game lasted 00:20:07 (8418 turns).

RobertPalmer the Severer (Deep Dwarf Gladiator)     Turns: 8418, Time: 00:20:08

Health: -1/86      AC: 11    Str: 19    XL:     11   Next: 30%
Magic:  8/8        EV:  8    Int:  9    God:    Makhleb [*****.]
Gold:   319        SH:  0    Dex: 16    Spells: 0 memorised, 10 levels left

rFire  + . .     SeeInvis +     a - +0 battleaxe (drain)
rCold  . . .     Clarity  .     Q - +0 chain mail
rNeg   . . .     SustAt   .     (no shield)
rPois  .         Gourm    +     c - +0 helmet
rElec  .         Spirit   .     p - +0 cloak
rCorr  .         Warding  .     s - +0 pair of gloves
rMut   .         Stasis   .     (no boots)
MR     +....                    k - amulet of the gourmand {Gourm, !d}
Stlth  ..........               y - ring of see invisible {sInv, !d}
                                D - ring of protection from fire {rF+, !d}

@: non-regenerating, somewhat resistant to hostile enchantments, extremely
unstealthy
A: damage resistance, recharge devices, sense surroundings 2, slow healing 3
a: Device Recharging, Minor Destruction, Lesser Servant of Makhleb, Major
Destruction, Greater Servant of Makhleb, Renounce Religion


You were on level 11 of the Dungeon.
You worshipped Makhleb.
Makhleb was extremely pleased with you.
You were completely stuffed.

You visited 2 branches of the dungeon, and saw 12 of its levels.
You also visited: Sewer and Bailey.

You collected 553 gold pieces.
You spent 234 gold pieces at shops.

Inventory:

Hand weapons
 a - a +0 battleaxe of draining (weapon)
   (You took it off an orc warrior on level 9 of the Dungeon)
Missiles
 d - 3 throwing nets {=f, !d}
Armour
 c - a +0 helmet (worn)
 p - a +0 cloak (worn)
   (You took it off Crazy Yiuf on level 2 of the Dungeon)
 s - a +0 pair of gloves (worn)
   (You found it on level 2 of the Dungeon)
 Q - a +0 chain mail (worn)
   (You found it on level 8 of the Dungeon)
 R - a +0 plate armour
   (You found it on level 9 of the Dungeon)
Jewellery
 i - an uncursed ring of sustain attributes
   (You found it in a sewer)
 k - an amulet of the gourmand (around neck) {Gourm, !d}
   (You found it on level 1 of the Dungeon)
 y - a ring of see invisible (right hand) {sInv, !d}
   (You found it on level 6 of the Dungeon)
 D - a ring of protection from fire (left hand) {rF+, !d}
   (You found it on level 6 of the Dungeon)
 M - an uncursed amulet of warding {Ward, rN+, !d}
   (You found it on level 7 of the Dungeon)
 O - an uncursed amulet of resist corrosion {unknown}
   (You found it on level 9 of the Dungeon)
Magical devices
 e - a wand of heal wounds (2)
 h - a wand of lightning (10)
   (You found it on level 7 of the Dungeon)
 B - a wand of polymorph (13)
   (You found it on level 9 of the Dungeon)
 K - a wand of cold (9)
   (You found it on level 8 of the Dungeon)
 L - a wand of fireball (9)
   (You found it on level 7 of the Dungeon)
 P - a wand of confusion (20)
   (You found it on level 7 of the Dungeon)
 S - a wand of magic darts (13)
   (You found it on level 9 of the Dungeon)
 T - a wand of disintegration (6)
   (You found it on level 9 of the Dungeon)
Scrolls
 l - 6 scrolls of amnesia
 m - 4 scrolls of remove curse
 u - 2 scrolls of teleportation
 F - a scroll of enchant weapon
 J - 3 scrolls of blinking {!r}
 U - a scroll of magic mapping {!r}
Potions
 g - a potion of flight {unknown}
 n - a potion of curing
 o - 4 potions of heal wounds
 q - a potion of invisibility
 r - a potion of poison {!q}
 t - 2 potions of cure mutation {unknown}
 w - a potion of resistance {unknown}
 x - 3 potions of haste
 A - a potion of lignification {!q}
 E - 2 potions of brilliance
 G - a potion of degeneration {unknown}
Miscellaneous
 b - a plain deck of defence {drawn: 1}
   (You found it in a bailey)
 j - a phial of floods
   (You found it in a bailey)
 N - a plain deck of defence {drawn: 1}
   (You found it in a bailey)
Comestibles
 f - 11 bread rations {@e1}
 v - 6 fruits
 z - a slice of pizza
 C - 4 meat rations {@e2}
 H - 2 beef jerkies
 I - 3 royal jellies
 V - a chunk of flesh {@w0}


   Skills:
 - Level 1.7 Fighting
 + Level 18.1 Axes
 - Level 1.7 Throwing
 - Level 3.2 Dodging


You had 10 spell levels left.
You didn't know any spells.

Dungeon Overview and Level Annotations

Branches:
Dungeon (11/15)            Temple (1/1) D:4
   Lair: D:8-11         Orc: D:9-12

Altars:
Ashenzari
Dithmenos
Gozag
Kikubaaqudgha
Makhleb
Qazlal
Ru
Sif Muna
Trog
Vehumet
Xom
Zin

Shops:
D:6 *   D:8 ?


Innate Abilities, Weirdness & Mutations

You are resistant to damage.
You can recharge devices by infusing magical energy.
You passively map the area around you.
You do not heal naturally.


Message History

The jackal barely misses you. The cyan ugly thing closely misses you.
You slice the jackal!!
You kill the jackal!
Makhleb accepts your kill.
You feel a little better.
You barely miss the cyan ugly thing. The cyan ugly thing barely misses you.
You closely miss the jackal. You slash the cyan ugly thing!
You drain the cyan ugly thing!
The jackal bites you but does no damage.
The cyan ugly thing gores you but does no damage.
The jackal closely misses you.
You slice the jackal!!
You kill the jackal!
Makhleb accepts your kill.
You feel a little better.
Your chain mail prevents you from hitting the cyan ugly thing.
The cyan ugly thing gores you. The cyan ugly thing shocks you!
You take 9 damage, and have 38/86 hp.
You hit the cyan ugly thing. You barely miss the cyan ugly thing.
The cyan ugly thing gores you but does no damage.
You barely miss the cyan ugly thing.
The cyan ugly thing gores you but does no damage.
You hit the cyan ugly thing but do no damage.
The cyan ugly thing gores you. The cyan ugly thing shocks you!
You take 8 damage, and have 30/86 hp.
You slash the cyan ugly thing! The cyan ugly thing gores you!
* * * LOW HITPOINT WARNING * * *
The cyan ugly thing shocks you!
* * * LOW HITPOINT WARNING * * *
You take 15 damage, and have 15/86 hp.
You slash the cyan ugly thing! You drain the cyan ugly thing!
You kill the cyan ugly thing!
Makhleb accepts your kill.
You feel a little better.
You regained 17 hp, and now have 32/86 hp.
Unknown command.
You see here an ugly thing corpse.
Items here: ) [ ††† a giant spiked club; a robe; a jackal corpse; a jackal corpse the ogre corpse of Erolcha You butcher the jackal corpse.
V - 3 chunks of flesh {@w0}
Items here: ) [ †† a giant spiked club; a robe; a jackal corpse; the ogre corpse of Erolcha Eating one of 3 chunks of flesh {@w0}.
This raw flesh tastes great.
You continue eating. x2
J - 2 scrolls of blinking {!r} (gained 1)
You now have 298 gold pieces (gained 10).
Eating one of 2 chunks of flesh {@w0}.
This raw flesh tastes great.
You continue eating. x2
An ice beast comes into view.
An ice beast is nearby!
An ice beast is nearby!
An ice beast is nearby!
An ice beast is nearby!
An ice beast is nearby!
You are too injured to fight recklessly!
You hit the ice beast. You drain the ice beast!
The ice beast completely misses you.
You slash the ice beast! You slash the ice beast!
You kill the ice beast!
Makhleb accepts your kill.
You feel a little better.
You regained 6 hp, and now have 38/86 hp.
You now have 319 gold pieces (gained 21).
J - 3 scrolls of blinking {!r} (gained 1)
o - 4 potions of heal wounds (gained 1)
A troll comes into view.
The troll shouts!
A hippogriff comes into view.
There are monsters nearby!
There are monsters nearby!
There are monsters nearby!
There are monsters nearby!
A giant frog comes into view.
The giant frog gives a loud, deep croak!
The troll bites you. The troll claws you!
The troll claws you but does no damage.
You take 3 damage, and have 35/86 hp.
You slash the troll! The troll bites you. The troll claws you!
* * * LOW HITPOINT WARNING * * *
The troll closely misses you.
You take 10 damage, and have 25/86 hp.
You barely miss the troll. You slash the hippogriff! The hippogriff bites you.
* * * LOW HITPOINT WARNING * * *
The hippogriff pecks you but does no damage.
The hippogriff claws you.
* * * LOW HITPOINT WARNING * * *
The troll bites you but does no damage. The troll claws you!
* * * LOW HITPOINT WARNING * * *
The troll claws you.
* * * LOW HITPOINT WARNING * * *
You take 14 damage, and have 11/86 hp.
You hit the troll but do no damage. You closely miss the hippogriff.
The hippogriff closely misses you. The hippogriff barely misses you.
The hippogriff claws you but does no damage.
The troll bites you!
You die...

, * , , ,
.....#..., ,* **
....... * , , *
.....#* , * #....#
* * ** ....# * ,,
#...## ,
.########..H.###
*,* *
..........@TF..# **
*,..........###...#
,* ,,
,,,..######..# *
... ** , ** ##.# *
. , #.## , , #..# *
, , #..# ## . * ,,,
#..###.... .
##......## ,


You could see a hippogriff, a troll and a giant frog.

Vanquished Creatures
  Erolcha (D:11)
  The ghost of Zwobot the Fighter, an experienced OpGl of Dithmenos (D:10)
  An unseen horror (D:10)
  Pikel (D:5)
  An orc knight (Bailey)
  The ghost of asdu the Martial Artist, an experienced DsMo of Cheibriados (D:9)
  An ugly thing (D:11)
  Duvessa (D:5)
  Sigmund (D:5)
  2 wyverns
  A spriggan (D:7)
  6 yaks (D:10)
  Grum (D:11)
  A hungry ghost (D:7)
  2 wolves (D:11)
  Edmund (D:6)
  2 water moccasins
  A necrophage (D:9)
  2 ice beasts
  A sky beast (D:9)
  5 centaurs
  7 orc warriors
  A slave (D:5)
  An ogre (D:9)
  3 big kobolds
  5 giant frogs
  Dowan (D:5)
  6 killer bees (D:8)
  3 scorpions
  A water moccasin skeleton (D:9)
  7 wights
  2 giant frog zombies
  3 crimson imps
  2 quasits
  The ghost of Chiseanne the Ducker, a weakling SpTm (D:4)
  An iguana (D:7)
  3 jellies
  Crazy Yiuf (D:2)
  A centaur zombie (D:8)
  3 orc priests
  2 hounds (D:4)
  A giant frog skeleton (D:5)
  5 worker ants
  Natasha (thrice) (D:4)
  7 orc wizards
  A worker ant zombie (D:11)
  5 gnolls
  10 adders
  2 shadow imps
  2 oozes
  An adder zombie (D:7)
  7 worms
  29 orcs
  A bat skeleton (D:5)
  16 goblins
  16 hobgoblins
  35 kobolds
  7 ball pythons
  15 bats
  8 giant cockroaches
  15 giant geckos
  A giant gecko zombie (D:5)
  11 giant newts
  8 jackals
  6 quokkas
  21 rats
321 creatures vanquished.

Vanquished Creatures (others)
  A slave (D:5)
  A jelly (D:8)
  A bat (D:5)
  A kobold (Bailey)
4 creatures vanquished.

Grand Total: 325 creatures vanquished

Notes
Turn   | Place    | Note
--------------------------------------------------------------
     0 | D:1      | RobertPalmer the Deep Dwarf Gladiator began the quest for the Orb.
     0 | D:1      | Reached XP level 1. HP: 19/19 MP: 1/1
   531 | D:1      | Reached XP level 2. HP: 13/26 MP: 2/2
   533 | D:1      | Reached skill level 4 in Axes
   830 | D:2      | HP: 4/26 [gnoll (4)]
   832 | D:2      | Reached XP level 3. HP: 2/32 MP: 3/3
   844 | D:2      | Reached skill level 5 in Axes
   903 | D:2      | Noticed Crazy Yiuf
   923 | D:2      | Killed Crazy Yiuf
   923 | D:2      | Reached XP level 4. HP: 39/39 MP: 0/4
  1337 | D:2      | Reached skill level 6 in Axes
  1439 | D:2      | Reached XP level 5. HP: 31/45 MP: 4/4
  2005 | D:3      | Found a radiant altar of Vehumet.
  2086 | D:3      | Reached skill level 7 in Axes
  2189 | D:3      | Found a sacrificial altar of Ru.
  2191 | D:3      | Found a bloodstained altar of Trog.
  2192 | D:3      | Found a shimmering altar of Xom.
  2347 | D:4      | Noticed Chiseanne's ghost (weakling SpTm)
  2364 | D:4      | Killed Chiseanne's ghost
  2379 | D:4      | Found a staircase to the Ecumenical Temple.
  2391 | Temple   | Entered the Ecumenical Temple
  2413 | Temple   | Became a worshipper of Makhleb the Destroyer
  2455 | D:4      | Reached XP level 6. HP: 39/52 MP: 5/5
  2509 | D:4      | Noticed Natasha
  2524 | D:4      | Killed Natasha
  2545 | D:4      | Noticed Natasha
  2562 | D:4      | Killed Natasha
  2592 | D:4      | Noticed Natasha
  2599 | D:4      | Killed Natasha
  2678 | D:4      | Reached skill level 8 in Axes
  2770 | D:4      | Acquired Makhleb's first power
  2921 | D:4      | Found a shadowy altar of Dithmenos.
  3031 | D:5      | Entered Level 5 of the Dungeon
  3041 | D:5      | Noticed Pikel
  3068 | D:5      | Killed Pikel
  3068 | D:5      | Reached skill level 10 in Axes
  3068 | D:5      | Reached XP level 7. HP: 37/58 MP: 5/5
  3132 | D:5      | Reached XP level 8. HP: 40/66 MP: 6/6
  3147 | D:5      | Found a shattered altar of Ashenzari.
  3215 | D:5      | Noticed Dowan
  3216 | D:5      | Noticed Duvessa
  3240 | D:5      | Killed Duvessa
  3240 | D:5      | Reached skill level 11 in Axes
  3242 | D:5      | Killed Dowan
  3315 | D:5      | Noticed Sigmund
  3329 | D:5      | Killed Sigmund
  3576 | D:6      | Acquired Makhleb's second power
  3620 | D:6      | HP: 16/66 [centaur/shortbow (2)]
  3624 | D:6      | Reached skill level 12 in Axes
  3633 | D:6      | Noticed Edmund
  3654 | D:6      | Killed Edmund
  3700 | D:6      | Found Wypsia's Sacrilege Store.
  3705 | D:6      | Found a burning altar of Makhleb.
  3712 | D:6      | Bought a +0 vampiric war axe for 150 gold pieces
  3787 | D:6      | Found a glowing drain.
  3800 | Sewer    | Entered a sewer
  4026 | Sewer    | Acquired Makhleb's third power
  4086 | D:6      | Found an ancient bone altar of Kikubaaqudgha.
  4132 | D:6      | Gained mutation: You passively map the area around you. [Deep Dwarf growth]
  4132 | D:6      | Reached XP level 9. HP: 50/73 MP: 7/7
  4609 | D:7      | Reached skill level 13 in Axes
  5288 | D:7      | Reached skill level 14 in Axes
  5432 | D:8      | Acquired Makhleb's fourth power
  5687 | D:8      | Found Iteamueria's Magic Scroll Shoppe.
  5695 | D:8      | Bought a scroll of identify for 28 gold pieces
  5695 | D:8      | Bought a scroll of identify for 28 gold pieces
  5695 | D:8      | Bought a scroll of identify for 28 gold pieces
  5976 | D:8      | Found a glowing silver altar of Zin.
  5977 | D:8      | Found an opulent altar of Gozag.
  6332 | D:9      | Noticed asdu's ghost (experienced DsMo)
  6355 | D:9      | Reached skill level 15 in Axes
  6357 | D:9      | HP: 5/73 [asdu's ghost (14)]
  6381 | D:8      | You fall through a shaft for 2 floors!
  6381 | D:10     | Entered Level 10 of the Dungeon
  6383 | D:10     | Noticed Zwobot's ghost (experienced OpGl)
  6422 | D:9      | Found a flagged portal.
  6451 | Bailey   | Entered a bailey
  6500 | Bailey   | Noticed an orc knight
  6501 | Bailey   | Reached XP level 10. HP: 77/80 MP: 8/8
  6514 | Bailey   | Killed an orc knight
  6674 | D:9      | Acquired Makhleb's fifth power
  7009 | D:9      | Killed asdu's ghost
  7009 | D:9      | Reached skill level 16 in Axes
  7715 | D:10     | Killed Zwobot's ghost
  7715 | D:10     | Reached skill level 17 in Axes
  7914 | D:10     | Noticed an unseen horror
  7928 | D:10     | Killed an unseen horror
  8070 | D:10     | Reached XP level 11. HP: 86/86 MP: 8/8
  8217 | D:11     | Noticed Grum
  8236 | D:11     | Killed Grum
  8283 | D:11     | Noticed Erolcha
  8289 | D:11     | Killed Erolcha
  8289 | D:11     | Reached skill level 18 in Axes
  8302 | D:11     | HP: 15/86 [cyan ugly thing (10)]
  8417 | D:11     | HP: 21/86 [hippogriff (1)]
  8418 | D:11     | Slain by a troll

Vault maps used:
D:1:      arrival_zaba_pyramid
D:2:      wad_river_or_something, first_bread, uniq_crazy_yiuf_cottage
D:3:      nicolae_overflow_crystal_walls, minitemple
D:4:      kennysheep_mini_moat, minmay_temple_entry_junction2, uniq_natasha
D:5:      evilmike_ruin_ashenzari, uniq_sigmund, uniq_duvessa, uniq_pikel
D:6:      kennysheep_mini, portal_sewer_entry_b, minmay_misc_feat_doors,
          nicolae_evil_shop, uniq_edmund
D:7:      serial_glass, glass_columns_b, glass_columns_a, glass_columns_a,
          glass_columns_a, glass_columns_b, the_bakery, minivault_10
D:8:      grunt_temple_overflow_gold_and_silver, serial_shops, shop,
          lemuel_flame_loot_1
D:9:      enter_bailey_3
D:11:     lemuel_upstairs_altar, dpeg_lair_monsters, david_orc_3, uniq_grum,
          uniq_erolcha, uniq_urug
Temple:   roderic_octagonal_lattice_temple
Sewer:    sewer_frog_island_01
Bailey:   bailey_axe_1, bailey

Action                   |  1- 3 |  4- 6 |  7- 9 | 10-12 || total
-------------------------+-------+-------+-------+-------++-------
Melee: War axe           |    84 |   277 |   400 |   103 ||   864
       Battleaxe         |       |       |       |   192 ||   192
 Abil: Device Recharging |       |     2 |       |     1 ||     3
Evoke: Wand              |     5 |     5 |     8 |     4 ||    22
       Deck              |       |       |       |     2 ||     2
  Use: Potion            |       |     1 |     1 |     5 ||     7
       Scroll            |       |       |    24 |       ||    24
 Stab: Sleeping          |     1 |     2 |     1 |       ||     4
       Distracted        |       |       |     1 |       ||     1
       Invisible         |       |       |       |     9 ||     9
  Eat: Chunk             |       |     7 |    24 |    13 ||    44
       Beef jerky        |       |       |     1 |       ||     1

Vault maps used:
D:1:      arrival_zaba_pyramid
D:2:      wad_river_or_something, first_bread, uniq_crazy_yiuf_cottage
D:3:      nicolae_overflow_crystal_walls, minitemple
D:4:      kennysheep_mini_moat, minmay_temple_entry_junction2, uniq_natasha
D:5:      evilmike_ruin_ashenzari, uniq_sigmund, uniq_duvessa, uniq_pikel
D:6:      kennysheep_mini, portal_sewer_entry_b, minmay_misc_feat_doors,
          nicolae_evil_shop, uniq_edmund
D:7:      serial_glass, glass_columns_b, glass_columns_a, glass_columns_a,
          glass_columns_a, glass_columns_b, the_bakery, minivault_10
D:8:      grunt_temple_overflow_gold_and_silver, serial_shops, shop,
          lemuel_flame_loot_1
D:9:      enter_bailey_3
D:11:     lemuel_upstairs_altar, dpeg_lair_monsters, david_orc_3, uniq_grum,
          uniq_erolcha, uniq_urug
Temple:   roderic_octagonal_lattice_temple
Sewer:    sewer_frog_island_01
Bailey:   bailey_axe_1, bailey

Table legend:
 A = Turns spent in this place as a percentage of turns spent in the entire game.
 B = Non-inter-level travel turns spent in this place as a percentage of non-inter-level travel turns spent in the entire game.
 C = Inter-level travel turns spent in this place as a percentage of turns spent in this place.
 D = Turns resting spent in this place as a percentage of non-inter-level travel turns spent in this place.
 E = Turns spent auto-exploring this place as a percentage of non-inter-level travel turns spent in this place.
 F = Non-inter-level travel turns spent in this place divided by the number of levels of this place that you've seen.
                   A       B       C       D       E      F
               +-------+-------+-------+-------+-------+----------------------
         Total | 100.0 | 100.0 |   0.5 |   0.6 |   8.6 | 257.4
       Dungeon |  86.1 |  86.0 |   0.6 |   0.6 |  10.0 | 281.8
        Temple |   0.9 |   0.9 |   3.1 |   0.0 |   0.0 |  31.0
         Sewer |   7.2 |   7.2 |   0.0 |   0.0 |   0.4 | 261.0
        Bailey |   5.9 |   5.9 |   0.0 |   1.9 |   0.0 | 212.0
               +-------+-------+-------+-------+-------+----------------------

Table legend:
 A = Kills in this place as a percentage of kills in entire the game.
 B = Kills by you in this place as a percentage of kills by you in the entire game.
 C = Kills by friends in this place as a percentage of kills by friends in the entire game.
 D = Other kills in this place as a percentage of other kills in the entire game.
 E = Experience gained in this place as a percentage of experience gained in the entire game.
 F = Experience gained in this place divided by the number of levels of this place that you have seen.
                   A       B       C       D       E      F
               +-------+-------+-------+-------+-------+----------------------
         Total | 100.0 | 100.0 |  -nan |  -nan | 100.0 | 1020.1
       Dungeon |  87.5 |  87.5 |  -nan |  -nan |  90.3 | 1172.9
         Sewer |   5.6 |   5.6 |  -nan |  -nan |   1.0 | 146.0
        Bailey |   6.9 |   6.9 |  -nan |  -nan |   8.6 | 1234.0
               +-------+-------+-------+-------+-------+----------------------
